 Seeded DCSS version 0.28-a0-1404-g4df0f3684d (webtiles) character file.

Game seed: 590978783199888162 (custom seed)

28 flotson the Ducker (level 3, -3/28 HPs)
             Began as a Demonspawn Gladiator on Jan 5, 2022.
             Slain by Sigmund (5 damage)
             ... on level 2 of the Dungeon.
             The game lasted 00:02:12 (1136 turns).

flotson the Ducker (Demonspawn Gladiator)           Turns: 1136, Time: 00:02:13

Health: -3/28      AC:  6    Str: 16    XL:     3   Next: 0%
Magic:  3/3        EV: 13    Int:  9    God:
Gold:   86         SH:  0    Dex: 14    Spells: 2/2 levels left

rFire   . . .      SeeInvis .   e - +0 quarterstaff
rCold   . . .      Faith    .   (shield currently unavailable)
rNeg    . . .      Spirit   .   l - +0 ring mail
rPois   .          Reflect  .   c - +0 helmet
rElec   .          Harm     .   (no cloak)
rCorr   .          Rampage  .   (no gloves)
Will    .....                   (no boots)
Stlth   ..........              (no amulet)
HPRegen 0.09/turn               (no ring)
MPRegen 0.08/turn               (no ring)

@: confused
A: repulsion field 1
a: no special abilities


You were on level 2 of the Dungeon.
You visited 1 branch of the dungeon, and saw 2 of its levels.

You collected 86 gold pieces.

Inventory:

Hand Weapons
 a - a +0 war axe
 e - a +0 quarterstaff (weapon)
Missiles
 g - 19 poisoned darts (quivered)
Armour
 c - a +0 helmet (worn)
 l - a +0 ring mail (worn)
Scrolls
 b - a scroll of identify {unknown}
 i - a scroll of teleportation {unknown}
 j - a scroll of blinking {unknown}
Potions
 f - a potion of heal wounds {unknown}
 h - a potion of lignification {unknown}
 k - a potion of mutation {unknown}


   Skills:
 + Level 2.3 Fighting
 + Level 2.9 Axes
 + Level 2.1 Throwing
 + Level 0.8 Armour
 + Level 3.0 Dodging


You had 2 spell levels left.
You didn't know any spells.
Your spell library was empty.

Dungeon Overview and Level Annotations

Branches:
Dungeon (2/15)

Altars:
Xom

Annotations:
D:2 Sigmund


Innate Abilities, Weirdness & Mutations

You are surrounded by a mild repulsion field. (EV +2)


Message History

You strike the helpless Sigmund from behind!
You hit Sigmund.
Sigmund is moderately wounded.
Sigmund struggles against the net.
You sock Sigmund!
Sigmund is heavily wounded.
Sigmund gestures at you while chanting. You resist with significant effort.
Sigmund struggles against the net.
The net rips apart, and Sigmund comes free!
You hit Sigmund.
Sigmund is severely wounded.
Sigmund hits you with a +0 scythe!
You are too injured to fight recklessly!
You are too injured to fight recklessly!
You are too injured to fight recklessly!
You are too injured to fight recklessly!
You hit Sigmund.
Sigmund is severely wounded.
Sigmund misses you.
You completely miss Sigmund.
Sigmund is severely wounded.
Sigmund closely misses you.
You hit Sigmund.
Sigmund is almost dead.
You barely miss Sigmund.
Sigmund is almost dead.
Sigmund gestures at you while chanting.
You are confused.
Sigmund barely misses you.
You miss Sigmund.
Sigmund is almost dead.
You bump into the rock wall.
Sigmund hits you with a +0 scythe!
* * * LOW HITPOINT WARNING * * *
You miss Sigmund.
Sigmund is almost dead.
Sigmund mumbles some strange words.
Sigmund flickers and vanishes!
Deactivating autopickup; reactivate with Ctrl-A.
You're too confused to move!
Something hits you.
You die...

...............(
#.###.........#
#.# #.........#
#.# #.........#
..# #.........#
### ###.......##
#...._...#
###......####.#
#.......@{.(#
#####.#######
#.# #.# #.# #.#
#.. ###


There were no monsters in sight!

Vanquished Creatures
  3 ball pythons
  4 endoplasms (D:1)
  5 goblins
  A hobgoblin (D:2)
  2 jackals (D:1)
  2 kobolds (D:1)
  A quokka (D:1)
  A bat (D:1)
  4 frilled lizards (D:1)
  A rat (D:2)
24 creatures vanquished.

Notes
Turn   | Place    | Note
-------+----------+-------------------------------------------
     0 | D:1      | flotson the Demonspawn Gladiator began the quest for the
                  | Orb.
     0 | D:1      | Reached XP level 1. HP: 16/16 MP: 1/1
   177 | D:1      | Found a faded altar of an unknown god.
   199 | D:1      | Gained mutation: You are surrounded by a mild repulsion
                  | field. (EV +2) [demonic ancestry]
   199 | D:1      | Reached XP level 2. HP: 19/22 MP: 2/2
   968 | D:2      | Reached skill level 3 in Dodging
  1075 | D:2      | Reached XP level 3. HP: 26/28 MP: 3/3
  1108 | D:2      | Found a shimmering altar of Xom.
  1118 | D:2      | Noticed Sigmund
  1136 | D:2      | Slain by Sigmund

Illustrated notes

Levels and vault maps discovered:
D:1:      wheals_arrival_linesprint, layout_basic,
          dreamdust_ecumenical_altar_grove
D:2:      layout_basic, basic_altar, uniq_sigmund

Skill      XL: |  1  2 |
---------------+-------+-----
Throwing       | 2 |  2.1
Dodging        | 3 |  3.0
Fighting       | |  2.3
Axes           | |  2.9
Armour         | |  0.8

Action                   || total
-------------------------++-------
Melee: Quarterstaff      ||    82
Throw: Throwing net      ||     3
 Stab: Held in net/web   ||     1
Armor: Leather armour    ||    29
       Ring mail         ||     2
Dodge: Dodged            ||    56

Table legend: (Time is in decaauts)
 A = Elapsed time spent in this place.
 B = Non-inter-level travel time spent in this place.
 C = Inter-level travel time spent in this place.
 D = Time resting spent in this place.
 E = Time spent auto-exploring this place.
 F = Levels seen in this place.
 G = Mean time per level.
                   A        B        C        D        E       F      G
               +--------+--------+--------+--------+--------+-----+--------+
         Total |   1159 |   1085 |     74 |      0 |    861 |   2 |  579.5 |
       Dungeon |   1159 |   1085 |     74 |      0 |    861 |   2 |  579.5 |
               +--------+--------+--------+--------+--------+-----+--------+

Top non-repeatable levels by time:
     D:1: 972 daAuts
     D:2: 187 daAuts
